 Dungeon Crawl Stone Soup version 0.20-a0-633-gff4aa5c (webtiles) character file.

1795513 Sapher the Heavyweight Champion (level 27, 300/300 HPs)
             Began as a Troll Berserker on Feb 10, 2017.
             Was the Champion of Makhleb.
             Escaped with the Orb
             ... and 3 runes on Feb 11, 2017!
             The game lasted 04:11:13 (66396 turns).

Sapher the Heavyweight Champion (Troll Berserker)  Turns: 66396, Time: 04:11:15

Health: 300/300    AC: 30    Str: 37    XL:     27
Magic:  26/26      EV: 20    Int: 11    God:    Makhleb [******]
Gold:   4961       SH: 28    Dex: 16    Spells: 26/26 levels left

rFire    + + .     SeeInvis .     - Unarmed
rCold    . . .     Gourm    +   c - +7 pearl dragon scales
rNeg     + . .     Faith    .   G - +0 large shield {rF+}
rPois    +         Spirit   .   q - +2 hat {MR+}
rElec    +         Reflect  +   V - scarf {rC+ rF+}
rCorr    .         Harm     .   (gloves unavailable)
MR       +++++                  (boots unavailable)
Stlth    ..........             e - +5 amulet of reflection
Regen    1.0/turn               u - ring of the Mage {Wiz MR++ Int+3}
                                F - ring of Sucug {rElec rPois rC- Dex+3}

@: no status effects
A: unfitting armour, claws 3, fast metabolism 3, gourmand, regeneration 1,
shaggy fur 2, strong 2, tough skin 2
0: Orb of Zot
}: 3/15 runes: barnacled, silver, gossamer
a: Minor Destruction, Lesser Servant of Makhleb, Major Destruction, Greater
Servant of Makhleb, Renounce Religion


You escaped.
You worshipped Makhleb.
Makhleb was exalted by your worship.
You were full.

You visited 10 branches of the dungeon, and saw 52 of its levels.
You visited the Abyss 1 time.
You visited 1 bazaar.
You also visited: Labyrinth, Trove, Ossuary, Bailey and Ice Cave.

You collected 8370 gold pieces.
You spent 3409 gold pieces at shops.

Inventory:

Missiles
 x - 7 javelins of penetration
 S - 7 throwing nets
 Z - 186 large rocks (quivered)
Armour
 c - +7 pearl dragon scales (worn)
 q - a +2 hat of magic resistance (worn)
 G - a +0 large shield of fire resistance (worn)
 V - a scarf of resistance (worn)
Jewellery
 e - a +5 amulet of reflection (around neck)
 u - the ring of the Mage (right claw) {Wiz MR++ Int+3}
   (You found it on level 5 of the Vaults)

   [ring of wizardry]

   It improves your spell success rate.
   It affects your intelligence (+3).
   It affects your resistance to hostile enchantments.
 F - the ring of Sucug (left claw) {rElec rPois rC- Dex+3}
   (You found it on level 13 of the Dungeon)

   [ring of dexterity]

   It affects your dexterity (+3).
   It makes you vulnerable to cold.
   It insulates you from electricity.
   It protects you from poison.
 H - an uncursed ring of protection from cold
 N - the ring "Noanet" {rF++ rN+ Dex-4 Stlth-}
   (You found it on level 1 of the Vaults)

   [ring of loudness]

   It affects your dexterity (-4).
   It greatly protects you from fire.
   It protects you from negative energy.
   It makes you less stealthy.
 Q - the ring "Poxer" {Str+6 SInv}
   (You found it on level 5 of the Vaults)

   [ring of see invisible]

   It affects your strength (+6).
   It lets you see invisible.
Wands
 a - a wand of paralysis (9/24)
 n - a wand of acid (5/15)
 z - a wand of scattershot (6/9)
 R - a wand of scattershot (2/9)
 U - a wand of digging (8/24)
 W - a wand of clouds (3/9)
 X - a wand of clouds (6/9)
Scrolls
 d - 3 scrolls of silence
 j - 8 scrolls of fog
 k - 3 scrolls of magic mapping
 o - 9 scrolls of recharging
 r - 6 scrolls of immolation
 w - 23 scrolls of remove curse
 y - 4 scrolls of fear
 E - 3 scrolls of blinking
 I - 9 scrolls of teleportation
 K - 2 scrolls of holy word
 T - 5 scrolls of identify
Potions
 f - 11 potions of mutation
 g - 5 potions of brilliance
 h - 15 potions of heal wounds
 i - 6 potions of might
 l - 6 potions of haste
 p - 4 potions of magic
 s - 6 potions of curing
 t - 12 potions of flight
 v - 6 potions of agility
 A - 4 potions of cancellation
 B - 8 potions of berserk rage
 C - a potion of invisibility
 D - 6 potions of resistance
 P - 6 potions of ambrosia
Miscellaneous
 O - a lamp of fire
Comestibles
 b - 24 bread rations
 m - 24 meat rations
 J - 58 fruits
 Y - 19 royal jellies


   Skills:
 + Level 22.1 Fighting
 - Level 9.0 Throwing
 + Level 17.3 Armour
 + Level 17.0 Dodging
 - Level 15.0 Shields
 O Level 27 Unarmed Combat
 - Level 5.4 Invocations
 - Level 5.4 Evocations


You had 26 spell levels left.
You didn't know any spells.

Dungeon Overview and Level Annotations

Branches:
Dungeon (15/15)            Temple (0/1) D:5            Lair (6/6) D:11
 Shoals (4/4) Lair:4       Spider (4/4) Lair:4        Slime (0/5) Lair:6
    Orc (2/2) D:11            Elf (3/3) Orc:2        Vaults (5/5) D:14
  Crypt (3/3) Vaults:3       Tomb (0/3) Crypt:3      Depths (5/5) D:15
    Zot (5/5) Depths:5

Altars:
Cheibriados
Dithmenos
Fedhas
Gozag
Hepliaklqana
Kikubaaqudgha
Makhleb
Nemelex Xobeh
Okawaru
Qazlal
Sif Muna
Xom
The Shining One
Beogh
Jiyva

Shops:
D:11 ?   Orc:1 }   Orc:2 }*[(   Elf:1 (?*[   Elf:2 [   Elf:3 =   Shoals:1 !
Vaults:1 *!   Depths:2 **[:

Portals:
Hell: Lair:6 Depths:1 Depths:2 Depths:3 Depths:4 Depths:5
Abyss: Depths:1 Depths:4
Pandemonium: Depths:3 Depths:4
Ziggurat: Depths:4

Annotations:
Shoals:2 Roxanne
Orc:1 1 exclusion


Innate Abilities, Weirdness & Mutations

You are too large for most types of armour.
You have claws for hands.
Your metabolism is lightning-fast.
You like to eat raw meat.
Your natural rate of healing is unusually fast.
You are covered in thick fur. (AC +2)
You have very tough skin. (AC +2)
Your muscles are very strong. (Str +4)


Message History

You climb upwards.
There is a stone staircase leading down, spattered with blood here.
(D) Dungeon (T) Temple (L) Lair (A) Shoals (N) Spider Nest (M) Slime Pits (O) Orcish Mines (E) Elven Halls (V) Vaults (C) Crypt (W) Tomb (U) Depths (H) Hell (Z) Zot
Where to? (Enter - D:1, ? - help)
You see here a club.
There is a stone staircase leading up here.
You climb upwards.
A worm comes into view.
There is a stone staircase leading down here.
You see here a spear.
There is a stone staircase leading up here.
You climb upwards.
There is a stone staircase leading down here.
You see here a whip.
There is an open door here.
There is a staircase leading out of the dungeon here.
You have escaped!

....#####......#...##
#...........##.....#
###.......####.....##
###...### #.......#
##.## ##.......#
###'### #.....##.###
##.....###.....##...#
#.......##..........#
#...@...####........#
##.....## ###......#
#....)# ###....#
#'#####'# ########...
... ............#>
.... ............#.
#... ...#######.#.
#.. ..# #.#. #.##


There were no monsters in sight!

Vanquished Creatures
  2 pandemonium lords
  3 ancient liches
  3 orbs of fire
  Mara (Vaults:4)
  Boris (Depths:5)
  Bai Suzhen (Elf:3)
  5 Killer Klowns (Zot:5)
  4 caustic shrikes
  3 curse toes
  9 golden dragons
  Nikola (Vaults:2)
  5 bone dragons
  Arachne (Spider:2)
  A Brimstone Fiend (Depths:3)
  2 electric golems
  Jorgrun (Shoals:2)
  14 tentacled monstrosities
  9 large abominations
  2 deep elf blademasters (Elf:3)
  7 liches
  24 Orb Guardians
  An acid blob (Depths:3)
  4 titans
  A kraken (Shoals:3)
  3 quicksilver dragons
  Polyphemus (Shoals:2)
  An Executioner (Abyss:1)
  A tentacled starspawn (Abyss:1)
  A death cob (Zot:2)
  2 draconian monks (Zot:2)
  2 tengu reavers (Vaults:5)
  8 shadow dragons
  Donald (Spider:3)
  4 sphinxes
  13 storm dragons
  4 revenants
  2 azure jellies (Depths:3)
  11 fire giants
  18 vault wardens
  Ilsuiw (Shoals:4)
  4 iron dragons
  A draconian knight (Zot:4)
  Louise (Shoals:1)
  2 frost giants
  Aizul (Elf:2)
  5 emperor scorpions
  3 draconian shifters
  4 ghost moths
  6 deep elf sorcerers
  A caustic shrike zombie (Crypt:1)
  A balrug (Depths:4)
  3 orc warlords
  10 draconian scorchers
  9 draconian stormcallers
  4 ghouls
  9 deep elf elementalists
  28 stone giants
  22 ironheart preservers
  A caustic shrike skeleton (Crypt:2)
  2 draconian annihilators (Zot:4)
  A war gargoyle (Vaults:5)
  2 reapers
  41 very ugly things
  5 entropy weavers
  11 vampire knights
  5 black draconians
  2 green draconians
  9 purple draconians
  11 deep elf demonologists
  14 red draconians
  A lorocyproca (Abyss:1)
  9 yellow draconians
  A dire elephant (Lair:6)
  9 spark wasps
  7 deep elf annihilators
  2 merfolk javelineers (Shoals:3)
  A blizzard demon (Depths:4)
  12 ettins
  6 white draconians
  3 eidola
  7 death oozes (Depths:3)
  A minotaur (Lab)
  8 merfolk impalers
  9 fire dragons
  8 deep elf death magi
  7 great orbs of eyes
  11 yaktaur captains
  6 jiangshi
  11 ogre magi
  A monstrous demonspawn (Depths:3)
  11 deep elf high priests
  9 ice dragons
  31 vault guards
  4 rakshasas
  A juggernaut simulacrum (Depths:2)
  Erolcha (Orc:2)
  8 spriggan air magi
  2 death knights (Crypt:1)
  A naga warrior (Abyss:1)
  A hydra (Lair:6)
  An anaconda (shapeshifter) (Depths:5)
  40 two-headed ogres
  2 catoblepae
  8 tengu warriors
  10 death yaks
  4 satyrs
  An alligator snapping turtle (Shoals:3)
  2 merfolk avatars
  6 merfolk aquamancers
  14 centaur warriors
  10 deep troll shamans
  8 death scarabs (Spider:4)
  11 vampire magi
  31 dancing weapons
  13 deep troll earth magi
  An orc high priest (Orc:2)
  3 thrashing horrors (Abyss:1)
  19 spriggan berserkers
  7 soul eaters
  Sonja (Lair:1)
  4 sun demons
  A titan skeleton (Crypt:3)
  20 deep elf knights
  3 iron trolls
  A spatial maelstrom (Abyss:1)
  A wretched star (Abyss:1)
  Nergalle (Lair:2)
  3 salamander mystics
  2 storm dragon zombies
  3 shadow wraiths
  4 sixfirhies
  18 hell knights
  A golden dragon zombie (Crypt:2)
  15 skeletal warriors
  2 quicksilver dragon simulacra (Depths:4)
  12 sea snakes
  An unseen horror (Vaults:1)
  A torturous demonspawn (Depths:3)
  31 deep trolls
  2 glowing orange brains
  An infernal demonspawn (Depths:5)
  5 wizards
  A glowing orange brain (shapeshifter) (Depths:3)
  15 orc knights
  5 phantasmal warriors
  3 starcursed masses (Abyss:1)
  2 flayed ghosts (Depths:4)
  2 shadow demons
  Pikel (D:9)
  3 spectral wolf spiders (Spider:4)
  An orange crystal statue (Depths:2)
  An iron giant skeleton (Crypt:1)
  13 deep elf archers
  23 harpies
  A shadow dragon zombie (Crypt:2)
  2 wolf spider zombies (Spider:4)
  A shadow dragon skeleton (Depths:2)
  53 ugly things
  23 orb spiders
  20 ironbrand convokers
  A sphinx zombie (Crypt:1)
  19 necromancers
  2 wolf spiders (shapeshifter)
  A fire giant zombie (Vaults:4)
  2 orc sorcerers (D:15)
  An iron dragon zombie (Crypt:2)
  A stone giant zombie (Vaults:4)
  2 oklob plants
  15 cyclopes
  13 manticores
  2 cyclopes (shapeshifter) (Vaults:5)
  26 fauns
  2 frost giant zombies (Depths:2)
  32 wolf spiders
  A sphinx skeleton (Depths:2)
  89 deep elf magi
  10 salamanders
  7 merfolk sirens
  A salamander (shapeshifter) (Depths:5)
  19 elephants
  3 human skeletons
  A stone giant skeleton (Abyss:1)
  A guardian serpent (Abyss:1)
  8 rust devils
  An apocalypse crab (Abyss:1)
  A frost giant skeleton (Crypt:1)
  A molten gargoyle (Depths:1)
  13 spiny frogs
  4 ice statues
  15 moths of wrath
  5 water nymphs
  9 vault sentinels
  A black mamba (shapeshifter) (D:15)
  A gargoyle (D:15)
  3 black mambas
  A torpor snail (Spider:3)
  6 smoke demons
  2 naga magi
  5 orange demons
  A hellion (Zot:5)
  2 spectral redbacks (Spider:4)
  A dire elephant skeleton (Crypt:3)
  A kobold demonologist (D:13)
  16 ice devils
  4 rime drakes
  11 demonic crawlers
  2 redback zombies (Spider:4)
  37 yaktaurs
  11 hellwings
  16 komodo dragons
  An efreet (Depths:4)
  4 ancient zymes (Abyss:1)
  A tormentor (Depths:5)
  4 tengu conjurers
  A golden dragon simulacrum (Crypt:2)
  A red draconian skeleton (Crypt:2)
  13 freezing wraiths
  16 trolls
  7 red devils
  A queen ant zombie (Crypt:1)
  A jumping spider (shapeshifter) (Depths:3)
  15 merfolk
  A meliai (shapeshifter) (D:15)
  A minotaur zombie (Lab)
  10 hornets
  A guardian mummy (Crypt:3)
  2 trolls (shapeshifter)
  Grinder (D:5)
  40 jumping spiders
  A hornet (shapeshifter) (D:14)
  A wind drake (shapeshifter) (D:15)
  4 wind drakes
  2 hydra skeletons (Crypt:2)
  3 meliai (D:15)
  A polar bear (shapeshifter) (Vaults:3)
  8 polar bears
  A bog body (Crypt:1)
  A spectral jumping spider (Spider:4)
  2 harpy skeletons
  4 spectral tarantellas (Spider:4)
  An ice dragon zombie (Crypt:2)
  11 snapping turtles
  Prince Ribbit (D:5)
  A fire dragon zombie (Abyss:1)
  29 slime creatures
  3 raiju (Abyss:1)
  9 dream sheep
  15 hippogriffs
  An ettin zombie (Depths:2)
  2 spriggan zombies
  14 blink frogs
  2 jumping spider zombies (Spider:4)
  2 tarantella zombies (Spider:4)
  A blink frog (shapeshifter) (Depths:5)
  8 flying skulls
  A guardian serpent skeleton (Crypt:1)
  6 air elementals
  2 spriggan skeletons
  A meliai zombie (D:14)
  64 redbacks
  8 wraiths
  3 wyverns
  7 shadows
  6 ynoxinuls (Abyss:1)
  62 yaks
  4 water elementals
  An ice dragon skeleton (Crypt:3)
  23 tarantellas
  5 fire elementals
  4 humans (Lair:5)
  5 hungry ghosts
  2 chaos spawn (Abyss:1)
  5 golden eyes (Abyss:1)
  A black mamba skeleton (Crypt:2)
  An ushabti (Crypt:3)
  6 basilisks
  4 vampire mosquitoes (D:15)
  6 neqoxecs
  2 wargs
  A steam dragon (D:11)
  2 nagas (Abyss:1)
  2 acid dragons
  A porcupine (shapeshifter) (Vaults:2)
  The ghost of nubinia the Magician, an amateur DEAE (D:4)
  3 spectral hornets (Spider:4)
  10 water moccasins
  Duvessa (D:6)
  5 hell hounds
  A floating eye (Depths:2)
  A floating eye (shapeshifter) (Vaults:5)
  8 porcupines
  5 ice beasts
  4 sky beasts
  71 orc warriors
  A phantom (D:8)
  A slave (D:9)
  2 necrophages
  3 ettin simulacra (Depths:4)
  An eye of draining (shapeshifter) (Vaults:2)
  15 black bears
  34 centaurs
  A manticore skeleton (Crypt:2)
  60 ogres
  11 small abominations
  An eye of draining (D:9)
  8 boggarts
  A snapping turtle skeleton (Crypt:2)
  12 crocodiles
  8 big kobolds
  A yaktaur zombie (Crypt:2)
  A human zombie (Vaults:3)
  A komodo dragon skeleton (Crypt:2)
  4 earth elementals
  A water moccasin zombie (Ossuary)
  24 bullfrogs
  A yaktaur skeleton (Crypt:2)
  Dowan (D:6)
  A glowing shapeshifter simulacrum (Depths:2)
  7 scorpions
  6 wyvern skeletons (Crypt:3)
  An elf simulacrum (Vaults:4)
  A warg skeleton (Crypt:1)
  9 killer bees
  11 wights
  5 howler monkeys (D:14)
  6 electric eels
  A human simulacrum (Vaults:3)
  10 crimson imps
  A centaur zombie (D:11)
  2 draconian simulacra (IceCv)
  3 quasits
  A black bear zombie (Crypt:1)
  A bullfrog zombie (D:9)
  4 iron imps
  8 jellies
  24 orc priests
  9 hounds
  42 orc wizards
  3 bullfrog skeletons (D:7)
  6 centaur skeletons
  5 iguanas
  2 spriggan simulacra
  13 worker ants
  3 troll simulacra (IceCv)
  A killer bee zombie (D:7)
  4 big kobold zombies (Ossuary)
  2 centaur simulacra (IceCv)
  An acid dragon zombie (Crypt:2)
  A tengu zombie (Crypt:2)
  A hound zombie (D:7)
  An acid dragon skeleton (Crypt:1)
  A hound skeleton (D:5)
  2 mummies (Ossuary)
  A howler monkey zombie (D:9)
  4 worker ant zombies
  3 gnolls (D:2)
  12 adders
  A naga simulacrum (IceCv)
  An ogre simulacrum (IceCv)
  4 shadow imps
  A white imp (Abyss:1)
  3 ufetubi
  3 oozes
  4 adder zombies
  An adder skeleton (D:8)
  2 worms (D:3)
  3 dart slugs
  8 leopard geckos
  135 orcs
  5 giant cockroaches
  5 gnoll zombies (Ossuary)
  18 goblins
  11 hobgoblins
  5 jackals
  25 kobolds
  8 quokkas
  4 bats
  6 frilled lizards
  A frilled lizard zombie (Crypt:2)
  6 hobgoblin zombies (Ossuary)
  A jackal zombie (D:5)
  7 kobold zombies (Ossuary)
  A quokka skeleton (D:4)
  6 rats
  2 lurking horrors (Abyss:1)
  4 tentacles (Shoals:3)
2795 creatures vanquished.

Vanquished Creatures (collateral kills)
  Frances (D:12)
  A fire giant (Vaults:4)
  A merfolk javelineer (Shoals:4)
  A merfolk impaler (Shoals:4)
  A fire dragon (Vaults:4)
  An ice dragon (Vaults:1)
  3 hydras
  A satyr (Shoals:4)
  A dancing weapon (Elf:2)
  4 centaur warriors (D:12)
  2 orc knights
  A faun (Shoals:2)
  A cyclops (Vaults:1)
  A water nymph (Shoals:4)
  3 merfolk sirens
  2 merfolk (Shoals:4)
  A wind drake (Shoals:4)
  A hippogriff (Lair:1)
  3 dream sheep (Shoals:4)
  A redback (Spider:4)
  A yak (Lair:5)
  A basilisk (Shoals:4)
  A water moccasin (Lair:1)
  11 orc warriors
  4 killer bees
  A leopard gecko (D:10)
  6 orcs
  A goblin (Orc:1)
  3 plants (Shoals:4)
60 creatures vanquished.

Vanquished Creatures (others)
  2 deep elf master archers (Elf:3)
  A fire giant (Depths:5)
  A war gargoyle (Depths:4)
  7 stone giants
  2 yaktaur captains
  A centaur warrior (Depths:3)
  A satyr (Shoals:3)
  A dancing weapon (Elf:2)
  A vampire mage (Depths:2)
  2 deep elf knights
  An unseen horror (Vaults:1)
  A deep elf archer (Elf:1)
  3 fauns
  A cyclops (Depths:4)
  A rust devil (Depths:4)
  15 yaktaurs
  A merfolk (Shoals:4)
  A tarantella (Spider:4)
  A boggart (Depths:1)
  6 centaurs
  2 ettin simulacra (Depths:4)
  An adder skeleton (D:9)
  3 orcs
  7 fungi
  A lurking horror (Abyss:1)
  22 plants
  6 tentacles (Shoals:3)
  16 withered plants
108 creatures vanquished.

Grand Total: 2963 creatures vanquished

Notes
Turn   | Place    | Note
-------+----------+-------------------------------------------
     0 | D:1      | Sapher the Troll Berserker began the quest for the Orb.
     0 | D:1      | Reached XP level 1. HP: 22/22 MP: 0/0
   104 | D:1      | Reached XP level 2. HP: 28/29 MP: 1/1
   412 | D:1      | Reached XP level 3. HP: 36/36 MP: 2/2
   547 | D:2      | Reached skill level 4 in Unarmed Combat
   611 | D:2      | Reached ** piety under Trog
   739 | D:2      | Reached XP level 4. HP: 45/45 MP: 3/3
   825 | D:2      | Found a sparkling altar of Nemelex Xobeh.
  1301 | D:3      | Noticed an ogre
  1327 | D:3      | Killed an ogre
  1327 | D:3      | Reached skill level 5 in Unarmed Combat
  1327 | D:3      | Reached XP level 5. HP: 54/54 MP: 4/4
  1391 | D:3      | Found a hazy altar of Hepliaklqana.
  1693 | D:3      | Reached *** piety under Trog
  1977 | D:3      | Reached XP level 6. HP: 62/62 MP: 5/5
  2118 | D:4      | Reached skill level 6 in Unarmed Combat
  2139 | D:4      | Noticed nubinia's ghost (amateur DEAE)
  2483 | D:4      | Killed nubinia's ghost
  2483 | D:4      | Reached XP level 7. HP: 71/71 MP: 6/6
  2560 | D:4      | Reached skill level 7 in Unarmed Combat
  2800 | D:5      | Entered Level 5 of the Dungeon
  2885 | D:5      | Found a staircase to the Ecumenical Temple.
  2893 | D:5      | Reached skill level 1 in Throwing
  2941 | D:5      | Found an opulent altar of Gozag.
  2966 | D:5      | Found a sand-covered staircase.
  2973 | Ossuary  | Entered an ossuary
  3059 | Ossuary  | Reached **** piety under Trog
  3066 | Ossuary  | Reached skill level 1 in Evocations
  3141 | Ossuary  | Reached skill level 5 in Fighting
  3141 | Ossuary  | Reached XP level 8. HP: 70/80 MP: 7/7
  3311 | D:5      | Found a shimmering altar of Xom.
  3507 | D:5      | Reached skill level 1 in Armour
  3507 | D:5      | Reached skill level 8 in Unarmed Combat
  3613 | D:5      | Noticed Grinder
  3622 | D:5      | Killed Grinder
  3770 | D:5      | Found a stormy altar of Qazlal.
  3777 | D:5      | Received a gift from Trog
  3855 | D:5      | Noticed Prince Ribbit
  3858 | D:5      | Killed Prince Ribbit
  3994 | D:5      | Found a snail-covered altar of Cheibriados.
  4230 | D:6      | Reached XP level 9. HP: 87/89 MP: 9/9
  4241 | D:6      | Reached skill level 9 in Unarmed Combat
  4243 | D:6      | Noticed Dowan
  4245 | D:6      | Noticed Duvessa
  4251 | D:6      | Killed Duvessa
  4310 | D:6      | Found a burning altar of Makhleb.
  4762 | D:6      | Killed Dowan
  5145 | D:6      | Gained mutation: You possess an exceptional clarity of mind. [potion of mutation]
  5145 | D:6      | Gained mutation: You are partially covered in thin metallic scales. (AC +2) [potion of mutation]
  5145 | D:6      | Lost mutation: You possess an exceptional clarity of mind. [potion of mutation]
  5145 | D:6      | Gained mutation: You are covered in thick fur. (AC +2) [potion of mutation]
  5470 | D:7      | Reached skill level 10 in Unarmed Combat
  6065 | D:8      | Reached XP level 10. HP: 90/100 MP: 10/10
  6540 | D:9      | Noticed a two-headed ogre
  6592 | D:9      | Reached ***** piety under Trog
  6618 | D:9      | Reached skill level 5 in Throwing
  6649 | D:9      | Iwannabefree: самое легкое на конец оставил?
  6650 | D:9      | Sapher: ага
  6650 | D:9      | Sapher: берзеркер и потом классы воина
  6677 | D:9      | Iwannabefree: я наоборот беру только то в чем уверен
  6682 | D:9      | Iwannabefree: но в случае с тр похуй, он в любом беке будет стронк
  6682 | D:9      | Sapher: да я во всех троллях уверен))
  6733 | D:9      | Sapher: -6int ring possible
  6733 | D:9      | Sapher: i guess
  6811 | D:9      | Killed a two-headed ogre
  6811 | D:9      | Reached skill level 11 in Unarmed Combat
  6939 | D:9      | Iwannabefree: tam vsego lish permaslow
  6955 | D:9      | Sapher: a если проклятое?
  6955 | D:9      | Sapher: читать свитки могу?
  6977 | D:9      | Found an iron altar of Okawaru.
  7091 | D:9      | Noticed a two-headed ogre
  7101 | D:9      | Killed a two-headed ogre
  7291 | D:9      | Noticed Pikel
  7327 | D:9      | Killed Pikel
  7393 | D:9      | Iwannabefree: да
  7409 | D:9      | Iwannabefree: но там 5/6 фейл
  7425 | D:9      | Sapher: ну ок
  7425 | D:9      | Sapher: убедил
  7425 | D:9      | Sapher: все равно бриллианс есть я думаю
  7425 | D:9      | Sapher: где-то среди не опознанных
  7425 | D:9      | Sapher: так что шанс совсем никакой
  7518 | D:9      | Iwannabefree: опасность от статзеро давно убрали уже
  7518 | D:9      | Iwannabefree: чтобы табалось легче
  7551 | D:10     | Entered Level 10 of the Dungeon
  7553 | D:10     | Reached XP level 11. HP: 109/109 MP: 12/12
  7845 | D:10     | Reached skill level 12 in Unarmed Combat
  8102 | D:10     | You fall through a shaft!
  8394 | D:10     | Received a gift from Trog
  8591 | D:11     | Found Peijakye's Magic Scroll Boutique.
  8596 | D:11     | Bought a scroll of blinking for 97 gold pieces
  8596 | D:11     | Bought a scroll of identify for 26 gold pieces
  8596 | D:11     | Bought a scroll of identify for 26 gold pieces
  8599 | D:11     | Bought a scroll of identify for 26 gold pieces
  8599 | D:11     | Bought a scroll of identify for 26 gold pieces
  8642 | D:11     | Found a staircase to the Orcish Mines.
  8650 | D:11     | Found a roughly hewn altar of Beogh.
  8906 | D:11     | Noticed a purple ugly thing
  8916 | D:11     | Killed a purple ugly thing
  9077 | D:11     | Reached skill level 13 in Unarmed Combat
  9130 | D:11     | Found a staircase to the Lair.
  9171 | D:11     | Found a shadowy altar of Dithmenos.
  9352 | Lair:1   | Entered Level 1 of the Lair of Beasts
  9352 | Lair:1   | Noticed an oklob plant
  9363 | Lair:1   | Noticed a seven-headed hydra
  9369 | Lair:1   | Killed a seven-headed hydra
  9799 | Lair:1   | Reached XP level 12. HP: 122/122 MP: 14/14
  9815 | Lair:1   | Noticed Sonja
  9824 | Lair:1   | Killed Sonja
  9991 | Lair:1   | Received a gift from Trog
 10365 | Lair:2   | Noticed Nergalle
 10374 | Lair:2   | Killed Nergalle
 10807 | Lair:2   | Noticed a five-headed hydra
 10813 | Lair:2   | Killed a five-headed hydra
 10813 | Lair:2   | Reached skill level 14 in Unarmed Combat
 11254 | Lair:3   | Found a frozen archway.
 11319 | IceCv    | Entered an ice cave
 11337 | IceCv    | Reached skill level 5 in Evocations
 12614 | Lair:4   | Reached XP level 13. HP: 131/131 MP: 16/16
 12840 | Lair:4   | Found a staircase to the Shoals.
 13448 | Lair:4   | Found a hole to the Spider Nest.
 13452 | Lair:4   | Reached skill level 15 in Unarmed Combat
 13899 | Lair:4   | Reached skill level 10 in Fighting
 14481 | Lair:5   | Reached skill level 5 in Armour
 14501 | Lair:5   | Received a gift from Trog
 15370 | Lair:5   | Found a burning altar of Makhleb.
 15628 | Lair:5   | Received a gift from Trog
 15893 | Lair:5   | Reached XP level 14. HP: 143/143 MP: 17/17
 15994 | Lair:5   | Reached skill level 5 in Dodging
 16400 | Lair:6   | Entered Level 6 of the Lair of Beasts
 16522 | Lair:6   | Received a gift from Trog
 16589 | Lair:6   | Found a labyrinth entrance.
 16597 | Lab      | Entered a labyrinth
 16631 | Lab      | Reached skill level 16 in Unarmed Combat
 16729 | Lab      | Identified the Grimoire of the Supportive Frostbite
 16730 | Lab      | Iwannabefree: встречал когда-нибудь дональда в лабиринте?
 16731 | Lab      | Sapher: хмм
 16731 | Lab      | Sapher: неа
 16731 | Lab      | Iwannabefree: я где-то читал что он может тут заспавнится
 16732 | Lab      | Sapher: тока порталы в абис
 16732 | Lab      | Sapher: это из необычного
 16761 | Lab      | Iwannabefree: >There is a minotaur. Since 0.11 there also can be Donald who is more dangerous than the minotaur. He hates that. There can be multiple metal-walled areas in a labyrinth, so if you find one that's not the exit, keep looking elsewhere.
 16761 | Lab      | Received a gift from Trog
 16762 | Lab      | Iwannabefree: в дб написано
 16762 | Lab      | Iwannabefree: в статье про лабиринт
 16762 | Lab      | Sapher: ну хз
 16762 | Lab      | Iwannabefree: я вот тоже не встречал
 16762 | Lab      | Sapher: может там шансы 1%
 17126 | Orc:1    | Entered Level 1 of the Orcish Mines
 17389 | Orc:1    | Noticed an orc warlord
 17411 | Orc:1    | Killed an orc warlord
 17497 | Orc:1    | Found a flagged portal.
 17499 | Orc:1    | Found Ebrujeb's Gadget Boutique.
 17506 | Bailey   | Entered a bailey
 18316 | Orc:1    | Reached XP level 15. HP: 158/158 MP: 18/18
 18472 | Orc:1    | Received a gift from Trog
 19433 | D:12     | Noticed Frances
 19454 | D:12     | Killed Frances
 19950 | D:11     | Reached skill level 1 in Shields
 20023 | Orc:2    | Entered Level 2 of the Orcish Mines
 20169 | Orc:2    | Found a roughly hewn altar of Beogh.
 20172 | Orc:2    | Found Yssohoy's Gadget Emporium.
 20199 | Orc:2    | Found a roughly hewn altar of Beogh.
 20306 | Orc:2    | Noticed Erolcha
 20316 | Orc:2    | Killed Erolcha
 20438 | Orc:2    | Found a roughly hewn altar of Beogh.
 20561 | Orc:2    | Found a staircase to the Elven Halls.
 20603 | Orc:2    | Found a roughly hewn altar of Beogh.
 20862 | Orc:2    | Found a roughly hewn altar of Beogh.
 20884 | Orc:2    | Found Plog's General Store.
 21075 | Orc:2    | Noticed an orc warlord
 21085 | Orc:2    | Killed an orc warlord
 21674 | Orc:2    | Found Iwuig's Antique Weapon Shoppe.
 21675 | Orc:2    | Found a roughly hewn altar of Beogh.
 21675 | Orc:2    | Noticed an orc warlord
 21688 | Orc:2    | Killed an orc warlord
 21688 | Orc:2    | Reached skill level 5 in Shields
 21741 | Orc:2    | Found Kubaorank's Antique Armour Emporium.
 22074 | D:12     | Found an iron altar of Okawaru.
 22203 | D:13     | Reached XP level 16. HP: 164/170 MP: 19/19
 22663 | D:13     | Noticed a storm dragon
 22747 | D:13     | Killed a storm dragon
 22938 | D:13     | Got a brightly glowing steel ring
 22940 | D:13     | Identified the ring of Sucug {rElec rPois rC- Dex+3} (You found it on level 13 of the Dungeon)
 22957 | D:13     | Received a gift from Trog
 23785 | D:14     | Found a gate to the Vaults.
 24060 | D:15     | Entered Level 15 of the Dungeon
 24130 | D:15     | Found a blossoming altar of Fedhas.
 24555 | D:15     | Found a staircase to the Depths.
 24963 | Lair:6   | Found a viscous altar of Jiyva.
 24963 | Lair:6   | Found a staircase to the Slime Pits.
 24997 | Lair:6   | Received a gift from Trog
 25225 | Lair:6   | Reached skill level 17 in Unarmed Combat
 26175 | Lair:6   | Found a burning altar of Makhleb.
 26187 | Lair:6   | Found a gateway to Hell.
 26449 | Spider:1 | Entered Level 1 of the Spider Nest
 26627 | Spider:1 | Reached skill level 15 in Fighting
 27070 | Elf:1    | Entered Level 1 of the Elven Halls
 27082 | Elf:1    | Reached ****** piety under Trog
 27208 | Elf:1    | Found Cack's General Store.
 27208 | Elf:1    | Found Kevia's Magic Scroll Emporium.
 27212 | Elf:1    | Found Jeafruph's Antique Weapon Shoppe.
 27218 | Elf:1    | Bought a scroll of enchant armour for 82 gold pieces
 27218 | Elf:1    | Bought a scroll of enchant armour for 82 gold pieces
 27289 | Elf:1    | Received a gift from Trog
 27322 | Elf:1    | Reached XP level 17. HP: 99/184 MP: 20/20
 27588 | Elf:1    | Received a gift from Trog
 27952 | Elf:1    | Found Naifya's Antique Armour Shop.
 28266 | Elf:2    | Received a gift from Trog
 28605 | Elf:2    | Reached skill level 18 in Unarmed Combat
 28657 | Elf:2    | Found Bamadgh's Antique Armour Shop.
 28920 | Elf:2    | Found a huge runed gate.
 28920 | Elf:2    | Found a huge runed gate.
 28920 | Elf:2    | Found a huge runed gate.
 28921 | Elf:2    | Found a huge runed gate.
 28921 | Elf:2    | Found a huge runed gate.
 29226 | Shoals:1 | Entered Level 1 of the Shoals
 29272 | Shoals:1 | Noticed Louise
 29294 | Shoals:1 | Killed Louise
 29335 | Shoals:1 | Found Huugij's Distillery.
 29906 | Shoals:2 | Received a gift from Trog
 29961 | Shoals:2 | Noticed Polyphemus
 29980 | Shoals:2 | Killed Polyphemus
 30108 | Shoals:2 | Noticed Jorgrun
 30120 | Shoals:2 | Killed Jorgrun
 30192 | Shoals:2 | Reached skill level 10 in Shields
 30323 | Shoals:2 | Noticed Roxanne
 30383 | Shoals:2 | Found a sparkling altar of Nemelex Xobeh.
 30931 | Shoals:3 | Reached XP level 18. HP: 123/196 MP: 21/21
 31499 | Elf:1    | Bought pearl dragon scales for 2500 gold pieces
 31812 | Shoals:3 | Received a gift from Trog
 32485 | Shoals:4 | Entered Level 4 of the Shoals
 32513 | Shoals:4 | Noticed Ilsuiw
 32740 | Shoals:4 | Killed Ilsuiw
 32980 | Shoals:4 | Received a gift from Trog
 33039 | Shoals:4 | Reached skill level 19 in Unarmed Combat
 33309 | Shoals:4 | Got a barnacled rune of Zot
 33377 | Shoals:4 | Received a gift from Trog
 34137 | Vaults:1 | Entered Level 1 of the Vaults
 34189 | Vaults:1 | Received a gift from Trog
 34506 | Vaults:1 | Got a clouded silver ring
 34507 | Vaults:1 | Identified the ring "Noanet" {rF++ rN+ Dex-4 Stlth-} (You found it on level 1 of the Vaults)
 34851 | Vaults:1 | Received a gift from Trog
 34987 | Vaults:1 | Reached XP level 19. HP: 208/209 MP: 22/22
 35302 | Vaults:1 | Found Qatusu Qeogg's General Store.
 35599 | Vaults:1 | Found Archar's Distillery.
 35896 | Vaults:1 | Received a gift from Trog
 36511 | Vaults:2 | Received a gift from Trog
 36603 | Vaults:2 | Reached skill level 20 in Unarmed Combat
 36611 | Vaults:2 | Noticed a Tzitzimitl
 36711 | Vaults:2 | Identified a scroll of acquirement
 36831 | Vaults:2 | Received a gift from Trog
 36880 | Vaults:2 | Noticed Nikola
 36892 | Vaults:2 | Killed Nikola
 37259 | Vaults:2 | Reached XP level 20. HP: 198/219 MP: 23/23
 38027 | Vaults:3 | Received a gift from Trog
 38074 | Vaults:3 | Found a portal to a secret trove of treasure.
 38289 | Vaults:3 | Noticed a bone dragon
 38298 | Vaults:3 | Killed a bone dragon
 38300 | Vaults:3 | Found a staircase to the Crypt.
 38509 | Vaults:3 | Received a gift from Trog
 38766 | Vaults:3 | Received a gift from Trog
 39190 | Vaults:4 | Received a gift from Trog
 39408 | Vaults:4 | Noticed Mara
 39428 | Vaults:4 | Noticed Sapher's illusion
 39721 | Vaults:4 | Received a gift from Trog
 39852 | Vaults:4 | Noticed Sapher's illusion
 40111 | Vaults:4 | Noticed Sapher's illusion
 40222 | Vaults:4 | Killed Mara
 40592 | Vaults:4 | Reached XP level 21. HP: 202/230 MP: 24/24
 41255 | Elf:2    | Reached skill level 21 in Unarmed Combat
 41379 | Elf:3    | Entered Level 3 of the Elven Halls
 41453 | Elf:3    | Noticed Bai Suzhen
 41472 | Elf:3    | Killed Bai Suzhen
 41472 | Elf:3    | Received a gift from Trog
 41915 | Elf:3    | Found Kysyw's Jewellery Shoppe.
 42032 | Elf:3    | Received a gift from Trog
 42104 | Elf:3    | Identified the ring of Wuit {Dex+2 Stlth+} (You took it off a deep elf knight on level 3 of the Elven Halls)
 42395 | Elf:2    | Received a gift from Trog
 42957 | Elf:3    | Received a gift from Trog
 43005 | Elf:3    | Received a gift from Trog
 43334 | Elf:2    | Reached skill level 10 in Armour
 43365 | Elf:2    | Noticed Aizul
 43372 | Elf:2    | Killed Aizul
 43631 | Elf:2    | Received a gift from Trog
 44087 | Spider:1 | Received a gift from Trog
 44937 | Spider:2 | Noticed Arachne
 44949 | Spider:2 | Killed Arachne
 44949 | Spider:2 | Reached XP level 22. HP: 237/239 MP: 25/25
 45418 | Spider:2 | Reached skill level 22 in Unarmed Combat
 45708 | Spider:3 | Received a gift from Trog
 45999 | Spider:3 | Noticed Donald
 46007 | Spider:3 | Killed Donald
 46007 | Spider:3 | Received a gift from Trog
 46367 | Spider:4 | Entered Level 4 of the Spider Nest
 46484 | Spider:4 | Received a gift from Trog
 47031 | Spider:4 | Received a gift from Trog
 47071 | Spider:4 | Reached skill level 15 in Shields
 47153 | Spider:4 | Received a gift from Trog
 47252 | Spider:4 | Received a gift from Trog
 47506 | Spider:4 | Got a gossamer rune of Zot
 48134 | Depths:1 | Entered Level 1 of the Depths
 48136 | Depths:1 | Reached skill level 23 in Unarmed Combat
 48393 | Depths:1 | Received a gift from Trog
 48844 | Depths:1 | Found a one-way gate to the infinite horrors of the Abyss.
 49335 | Depths:2 | Received a gift from Trog
 49377 | Depths:2 | Found Voimaff's Assorted Antiques.
 49418 | Depths:2 | Found Xifibanu's Assorted Antiques.
 49430 | Depths:2 | Reached XP level 23. HP: 247/247 MP: 26/26
 49432 | Depths:2 | Reached skill level 24 in Unarmed Combat
 49476 | Depths:2 | Found Wonoad's Book Shop.
 49497 | Depths:2 | Found Yfalop's Antique Armour Boutique.
 49504 | Depths:2 | Found a gateway to a bazaar.
 49552 | Bazaar   | Entered a bazaar
 49556 | Bazaar   | Found Guixt's Gadget Shop.
 49583 | Bazaar   | Found Duemyrgh's Distillery.
 49583 | Bazaar   | Found Liqifaec's Antique Armour Shop.
 49609 | Bazaar   | Found Teovut's Antique Armour Boutique.
 49644 | Bazaar   | Bought a potion of might for 32 gold pieces
 49644 | Bazaar   | Bought a potion of heal wounds for 40 gold pieces
 49644 | Bazaar   | Bought a potion of curing for 24 gold pieces
 49644 | Bazaar   | Bought a potion of invisibility for 64 gold pieces
 49644 | Bazaar   | Bought a potion of curing for 24 gold pieces
 49781 | Depths:2 | Received a gift from Trog
 50036 | Vaults:3 | You paid a toll of a +5 demon blade to enter a treasure trove
 50037 | Trove    | Entered a treasure trove
 50391 | Depths:2 | Received a gift from Trog
 50464 | Depths:2 | Got a twitching bronze amulet
 50507 | Depths:2 | Identified the amulet "Uskeimpe" {+Rage Int+2} (You found it on level 2 of the Depths)
 51153 | Depths:3 | Received a gift from Trog
 51153 | Depths:3 | Reached skill level 25 in Unarmed Combat
 51956 | D:6      | Fell from the grace of Trog
 51956 | D:6      | Became a worshipper of Makhleb the Destroyer
 52272 | Depths:3 | Found a viscous altar of Jiyva.
 52350 | Depths:3 | Reached * piety under Makhleb
 52674 | Depths:3 | Reached skill level 26 in Unarmed Combat
 52918 | Depths:3 | Found a one-way gate leading to the halls of Pandemonium.
 52982 | Depths:3 | Reached ** piety under Makhleb
 53005 | Depths:3 | Reached XP level 24. HP: 233/256 MP: 26/26
 53785 | Depths:4 | Reached *** piety under Makhleb
 53982 | Depths:4 | Reached skill level 27 in Unarmed Combat
 54059 | Depths:4 | Found a glowing golden altar of the Shining One.
 54095 | Depths:4 | Reached skill level 10 in Dodging
 54129 | Depths:4 | Reached **** piety under Makhleb
 54292 | Depths:4 | Found a shimmering altar of Xom.
 54387 | Depths:4 | Found a gateway to a ziggurat.
 54609 | Depths:4 | Reached ***** piety under Makhleb
 54617 | Depths:4 | Found an ancient bone altar of Kikubaaqudgha.
 54948 | Depths:4 | Found a deep blue altar of Sif Muna.
 55591 | Depths:5 | Entered Level 5 of the Depths
 55729 | Depths:5 | Reached XP level 25. HP: 267/267 MP: 26/26
 55923 | Depths:5 | Noticed Boris
 55936 | Depths:5 | Killed Boris
 55936 | Depths:5 | Reached skill level 1 in Invocations
 56385 | Depths:5 | Found a shimmering altar of Xom.
 56596 | Depths:5 | Found a gate to the Realm of Zot.
 56985 | Vaults:5 | Entered Level 5 of the Vaults
 57289 | Vaults:5 | Reached ****** piety under Makhleb
 57314 | Vaults:5 | Reached skill level 5 in Invocations
 57816 | Vaults:5 | Reached XP level 26. HP: 276/280 MP: 26/26
 57863 | Vaults:5 | Got a silver rune of Zot
 57995 | Vaults:5 | Noticed an ancient lich
 58005 | Vaults:5 | Killed an ancient lich
 58074 | Vaults:5 | Identified the ring "Poxer" {Str+6 SInv} (You found it on level 5 of the Vaults)
 58283 | Vaults:5 | Goblin1989: ты скоро на главной странице статистики появишься с стрикплейерах
 58285 | Vaults:5 | Sapher: круто!
 58327 | Vaults:5 | Goblin1989: ага
 58373 | Vaults:5 | Goblin1989: там у нижнего стрик из 19 игр
 58412 | Vaults:5 | Goblin1989: тебе 20нужно сделать
 58548 | Vaults:5 | Sapher: изи
 58617 | Vaults:5 | Goblin1989: будет сафер, который смог :)
 58838 | Vaults:1 | Bought a potion of haste for 180 gold pieces
 58838 | Vaults:1 | Bought a potion of resistance for 180 gold pieces
 58838 | Vaults:1 | Sapher: надо тока подождать пока трог на меня забьет
 58838 | Vaults:1 | Sapher: и в зот
 58838 | Depths:1 | Goblin1989: что, еще обижены на тебя?
 58857 | Vaults:1 | Sapher: fuf
 58857 | Vaults:1 | Sapher: aga
 58857 | Vaults:1 | Goblin1989: а почему хлеб кстати?
 58957 | Vaults:1 | Goblin1989: а не ТСО
 59059 | Depths:1 | Sapher: так я же 3 руны
 59060 | Depths:1 | Voluntarily entered the Abyss.
 59213 | Abyss:1  | Found a snail-covered altar of Cheibriados.
 59356 | Abyss:1  | Found a corrupted altar of Lugonu.
 59467 | Abyss:1  | Noticed an ancient lich
 59558 | Abyss:1  | Gained mutation: Your spells are a little easier to cast, but a little less powerful. [a neqoxec]
 59631 | Abyss:1  | Found a hazy altar of Hepliaklqana.
 60337 | Depths:1 | Escaped the Abyss
 60592 | Crypt:1  | Entered Level 1 of the Crypt
 62358 | Crypt:3  | Entered Level 3 of the Crypt
 62582 | Crypt:3  | Was forgiven by Trog
 62673 | Crypt:3  | Sapher: oh
 62673 | Crypt:3  | Sapher: trog is calm now
 62673 | Crypt:3  | Reached XP level 27. HP: 293/293 MP: 26/26
 63119 | Zot:1    | Entered Level 1 of the Realm of Zot
 63245 | Zot:2    | Reached skill level 15 in Armour
 63529 | Zot:4    | Reached skill level 15 in Dodging
 63597 | Zot:4    | Noticed an orb of fire
 63604 | Zot:4    | Killed an orb of fire
 64544 | Zot:5    | Entered Level 5 of the Realm of Zot
 64841 | Zot:5    | Noticed an ancient lich
 64857 | Zot:5    | Killed an ancient lich
 64967 | Zot:5    | Noticed an ancient lich
 64975 | Zot:5    | Killed an ancient lich
 65210 | Zot:5    | Upgraded the game from 0.20-a0-629-gc37eb77 to 0.20-a0-633-gff4aa5c
 65280 | Zot:5    | Noticed an orb of fire
 65308 | Zot:5    | Killed an orb of fire
 65620 | Zot:5    | Noticed an orb of fire
 65626 | Zot:5    | Gained mutation: You are clumsy. (Dex -2) [an orb of fire]
 65638 | Zot:5    | Gained mutation: Scrolls take you a little longer to read. [an orb of fire]
 65645 | Zot:5    | Killed an orb of fire
 65654 | Zot:5    | Lost mutation: You are clumsy. (Dex -2) [potion of mutation]
 65654 | Zot:5    | Lost mutation: You are partially covered in thin metallic scales. (AC +2) [potion of mutation]
 65654 | Zot:5    | Lost mutation: Your spells are a little easier to cast, but a little less powerful. [potion of mutation]
 65654 | Zot:5    | Gained mutation: Your muscles are strong. (Str +2) [potion of mutation]
 65654 | Zot:5    | Lost mutation: Scrolls take you a little longer to read. [potion of mutation]
 65654 | Zot:5    | Gained mutation: Your muscles are very strong. (Str +4) [potion of mutation]
 65785 | Zot:5    | Got the Orb of Zot
 65994 | Depths:5 | Noticed Ohiaw the pandemonium lord
 66037 | Depths:5 | Killed Ohiaw the pandemonium lord
 66041 | Depths:5 | Noticed Vawuakikh the pandemonium lord
 66106 | D:15     | Noticed Taqex the pandemonium lord
 66121 | D:15     | Killed Taqex the pandemonium lord
 66396 | D:$      | Escaped with the Orb!

Vault maps used:
D:1:      onia_arrival_pentagram, minmay_vboxes
D:2:      nemelex_xobeh_ov_fountains_minmay
D:3:      nicolae_overflow_hidden_temple, first_bread
D:5:      old_standard_altar, kennysheep_little_box, grunt_gozag_statues,
          kennysheep_mini, minmay_temple_entry_grid,
          nicolae_ossuary_entry_ruins, uniq_prince_ribbit1, uniq_grinder
D:6:      bloody_makhleb, uniq_duvessa
D:9:      kennysheep_mini_moat, blue_anna_alchemist, kennysheep_diamond,
          minmay_strange_pillars, uniq_pikel
D:11:     lair_entry_dummy, minmay_orc_entry_temple_small, serial_shops, shop,
          nicolae_dithmenos_through_a_glass_darkly
D:12:     evilmike_iron_armoury, uniq_frances
D:13:     minmay_radiant
D:14:     david_vaults_5, serial_park_avenue1
D:15:     grunt_enter_depths_magical_seal, fedhas_altar_1
Lair:1:   dpeg_stationary_puzzle, uniq_sonja
Lair:2:   dpeg_oklob_shooting_range, st_stairs_12, grunt_megastairs_2,
          uniq_nergalle
Lair:3:   portal_ice_cave_demonic_guard
Lair:4:   beast_lair_carwin_large_4, minmay_shoals_entry_centaurs,
          nicolae_spider_entry_orb_guardian, serial_bayou_shore_b
Lair:5:   slaughterhouse, basic_altar, beast_lair_carwin_10
Lair:6:   evil_forest, dpeg_slime_entry_enclosed_altar, lab_entry_generic,
          serial_bayou_shore_b, infiniplex_staircase_pool_2, lemuel_fruit_tree
Shoals:1: serial_shops, nicolae_shop_stone, uniq_louise
Shoals:2: lemuel_oklob_altar, uniq_polyphemus, uniq_roxanne, uniq_jorgrun
Shoals:3: cheibrodos_shoals_epimethial_gifts, ldierk_geyser
Shoals:4: shoals_end_grunt_garden, shoals_ilsuiw_ice, argonaut_gorgonesque
Spider:2: uniq_arachne
Spider:3: uniq_donald
Spider:4: floodkiller_spider_rune_tomb
Orc:1:    serial_shops, shop, enter_bailey_3
Orc:2:    grunt_orc_community_town_hall, grunt_orc_community_big_house_1,
          grunt_orc_community_big_house_2, grunt_orc_community_house_1,
          grunt_orc_community_house_2, grunt_orc_community_house_1,
          grunt_orc_community_house_3, grunt_orc_community_house_3,
          grunt_orc_community_house_3, uniq_erolcha
Elf:1:    eino_elf_arrival_customs, serial_shops, shop, hangedman_elf_represent,
          minmay_shop_star
Elf:2:    serial_shops, nicolae_shop_competitors_out_of_business, uniq_aizul
Elf:3:    grunt_elf_hall_branching, serial_shops, shop_statue, uniq_bai_suzhen
Vaults:1: v_misc_22, vaults_room_boxed, vaults_room_hangedman_quadrants,
          grunt_vaults_hallway_short, serial_shops,
          nicolae_shop_temple_entry_statues_fountains, nicolae_shop_crystal
Vaults:2: nicolae_vaults_little_squares_2, dpeg_vaults_monster_row,
          ontoclasm_vaults_fault, v_misc_11, vaults_room_octagon,
          v_alt_pattern_6, v_pattern_1, v_misc_3, nicolae_vaults_little_ls,
          v_misc_28, hangedman_vaults_impose, kb_rosetta, vaults_dpeg_hooks,
          uniq_nikola
Vaults:3: minmay_crypt_entry_nasty_monster, vaults_mumra_hexcomb,
          grunt_vaults_twisty, ontoclasm_vaults_idyll, nicolae_vaults_quadrants,
          vaults_room_fancy_cross, nicolae_vaults_big_angled_halls,
          vaults_dpeg_cross, nicolae_vaults_theta, ontoclasm_vaults_chip,
          nicolae_trove_entry_crossroad
Vaults:4: nicolae_vaults_what_the_h, vaults_room_fours, v_alt_pattern_4,
          ontoclasm_vaults_spin, v_misc_9, vaults_room_octagon, v_pattern_3,
          nicolae_vaults_stairing_the_circle, vaults_dpeg_doors,
          ontoclasm_vaults_idyll, vaults_dpeg_ring, uniq_mara
Vaults:5: serial_shops
Crypt:1:  minmay_guarded_unrand_majin_bo, minmay_strange_pillars, st_stairs_5,
          grunt_crypt_arrival_webbed
Crypt:3:  evilmike_haunted_forest
Depths:1: hellmouth_1, abyss_entry, solitary_fountain,
          kennysheep_generic_room_14, grunt_megastairs_1
Depths:2: minmay_blocking_statues, hell_entry, nicolae_benzene_ring,
          serial_shops, statue_bzr, nicolae_shop_competitors_out_of_business,
          shop, nicolae_shop_behind_doors, shop
Depths:3: cheibrodos_spurs, grunt_hell_entry_dis_grunt, grunt_pan_entry_spiral,
          special_room
Depths:4: grunt_profane_halls, abyss_entry, hell_entry, pan_entry
Depths:5: grunt_zot_entry_gee_three, hell_entry, lemuel_round_altar, uniq_boris
Zot:2:    nicolae_zot_stationary_front
Zot:4:    lemuel_draconian_sentries
Lab:      labyrinth_hidden_loot, lab_fountain, labyrinth_skeletal_remains,
          nicolae_lab_arrow, lab_block
Bazaar:   bazaar_jpeg_honeycomb
Trove:    trove_misc_throne_room
Ossuary:  ossuary_tomb_2
Bailey:   bailey_polearm_2, bailey
IceCv:    ice_cave_tombish

Skill      XL: |  1  2  3  4  5  6  7  8  9 10 11 12 13 14 15 16 17 18 19 20 21 22 23 24 25 26 27 |
---------------+----------------------------------------------------------------------------------+-----
Unarmed Combat | 4 5 6 7 8 10 11 13 14 15 16 17 18 19 20 21 23 26 27 | 27.0
Fighting       | 3 4 5 6 7 8 9 10 12 13 15 16 17 18 19 20 22 | 22.1
Throwing       | 1 3 4 6 8 9 |  9.0
Evocations     | 1 3 4 5 |  5.4
Armour         | 2 3 5 6 7 9 10 11 13 14 17 | 17.3
Dodging        | 4 5 6 7 8 9 11 12 14 17 | 17.0
Shields        | 5 8 10 11 12 13 14 15 | 15.0
Invocations    | 5 |  5.4

Action                   |  1- 3 |  4- 6 |  7- 9 | 10-12 | 13-15 | 16-18 | 19-21 | 22-24 | 25-27 || total
-------------------------+-------+-------+-------+-------+-------+-------+-------+-------+-------++-------
Melee: Unarmed           |    75 |   163 |   351 |   591 |   927 |  1516 |  1506 |  1890 |  2234 ||  9253
       Punch             |       |     5 |     7 |    40 |    65 |       |       |       |       ||   117
 Fire: Blowgun           |       |       |       |       |     2 |       |       |       |       ||     2
Throw: Javelin           |       |       |     9 |   100 |   109 |    15 |       |       |       ||   233
       Large rock        |       |       |       |    15 |     9 |    44 |   123 |   190 |    36 ||   417
       Throwing net      |       |       |       |     1 |       |       |       |       |     3 ||     4
Invok: Berserk           |     3 |     5 |     9 |    12 |    18 |    12 |     7 |     1 |       ||    67
       Trog's Hand       |       |     3 |     6 |    10 |     7 |     8 |     8 |     1 |       ||    43
       Brothers in Arms  |       |       |       |     5 |     8 |     5 |     1 |     1 |       ||    20
       Burn Spellbooks   |       |       |       |     1 |     3 |     3 |     4 |     1 |       ||    12
Evoke: Wand              |       |     1 |     4 |    11 |    12 |     7 |       |       |    13 ||    48
       Lamp of fire      |       |       |       |       |       |     2 |       |     1 |       ||     3
  Use: Scroll            |       |     8 |     1 |     9 |    13 |    19 |    11 |    17 |    20 ||    98
       Potion            |       |       |     5 |     3 |     2 |     7 |     2 |     3 |    16 ||    38
 Stab: Sleeping          |       |     1 |       |       |       |       |       |       |       ||     1
       Confused          |       |       |     1 |       |       |       |       |       |       ||     1
       Paralysed         |       |       |       |     4 |       |       |       |       |       ||     4
       Held in net/web   |       |       |       |       |       |       |       |       |     2 ||     2
       Distracted        |       |       |       |       |       |       |       |       |     1 ||     1
       Invisible         |       |       |       |       |       |       |       |       |     2 ||     2
  Eat: Chunk             |    14 |    22 |    43 |    70 |   123 |   136 |   100 |    93 |    92 ||   693
       Royal jelly       |       |       |       |     3 |       |       |       |       |     2 ||     5
       Meat ration       |       |       |       |     1 |       |       |       |       |       ||     1
       Fruit             |       |       |       |     3 |       |       |       |       |       ||     3
Armor: Animal skin       |    22 |    31 |   103 |   127 |       |       |       |       |       ||   283
       Robe              |       |       |       |    68 |   156 |       |       |       |       ||   224
       Troll leather arm |       |       |       |       |     1 |    14 |       |       |       ||    15
       Acid dragon scale |       |       |       |       |       |   155 |       |       |       ||   155
       Pearl dragon scal |       |       |       |       |       |   160 |   331 |   427 |   330 ||  1248
Dodge: Dodged            |    33 |    60 |   136 |   221 |   255 |   261 |   264 |   469 |   363 ||  2062
Block: Other             |       |       |       |       |    70 |       |       |       |       ||    70
       Reflection        |       |       |       |       |    22 |   174 |   111 |   118 |    37 ||   462
       Large shield      |       |       |       |       |   208 |  1389 |  1436 |  1827 |  1431 ||  6291
